cohdb
Replays
Latest Replays
All Replays
Popular Replays
Top Player Replays
Match Explorer
How It Works
Community
CoH3 Stats
Reddit
Sign in to upload your games and track your stats! →
Sign in with Steam
Match 36640229
Unlisted
Match 36640229
Overview
Messages
Build Orders
End
Construct Infanterie Kompanie
Kettenkrad Recon Vehicle
Selects Luftwaffe Battlegroup
Selects Luftwaffe Pioneer Support
MG 42 Machine Gun Team
GrW 34 Mortar Team
Grenadier Squad
Construct Panzergrenadier Kompanie
Panzergrenadier Squad
Pak 40 Anti-tank Gun Team
Selects Stuka Strafing Run
Selects Fallschirmjäger Squad Paradrop
251 Medium Carrier
Panzergrenadier Squad
Stuka Strafing Run
matrix4x4
vidiroeeto
=RUN=TWOMAn
夏天的你
[블루]Phantom
ShiningRay
Pyrrhula
1984kimki
0
0
Comments
sign in to comment!
No comments posted yet!